 Dungeon Crawl Stone Soup version 0.29.1-13-g9f3cf754e1 (webtiles) character file.

Game seed: 2092677048110223042

31696 devnull the Dealer of Despair (level 13, -4/91 HPs)
             Began as a Demonspawn Necromancer on Jan 22, 2023.
             Was an Elder of Kikubaaqudgha.
             Slain by a skeletal warrior
             ... wielding a +3 war axe
             ... led by a death knight
              (26 damage)
             ... on level 14 of the Dungeon.
             The game lasted 02:24:04 (22102 turns).

devnull the Dealer of Despair (DsNe)               Turns: 22102, Time: 02:24:08

Health: -4/91      AC: 23    Str: 11    XL:     13   Next: 27%
Magic:  2/24       EV: 15    Int: 27    God:    Kikubaaqudgha [****..]
Gold:   741        SH:  9    Dex: 14    Spells: 3/27 levels left

rFire   + . .      SeeInvis .   a - +10 whip of the Shrinking Owl {venom, rF+ rC+ Str+2}
rCold   + + .      Faith    .   (no shield)
rNeg    + + .      Spirit   .   W - +1 ring mail {Will+}
rPois   +          Reflect  +   G - +0 hat of Muassakhei {rC+ rN++ rCorr Stlth+}
rElec   .          Harm     .   x - +2 cloak {rPois}
rCorr   +          Rampage  .   S - +0 pair of gloves
Will    .....                   (no boots)
Stlth   +++.......              n - amulet of reflection
HPRegen 0.25/turn               m - +6 ring of intelligence
MPRegen 0.19/turn               C - +4 ring of evasion

@: weak-willed, sanguine armoured, slowed, very slow
A: foul stench 1, sanguine armour 3, condensation shield, demonic touch 2
a: Renounce Religion, Unearth Wretches


You were on level 14 of the Dungeon.
You worshipped Kikubaaqudgha.
Kikubaaqudgha was greatly pleased with you.
You visited 2 branches of the dungeon, and saw 15 of its levels.
You also visited: Bailey.

You collected 1475 gold pieces.
You spent 734 gold pieces at shops.

Inventory:

Hand Weapons
 a - the +10 whip of the Shrinking Owl (weapon) {venom, rF+ rC+ Str+2}
   (You found it on level 6 of the Dungeon)

   It poisons the flesh of those it strikes.
   Str:       It affects your strength (+2).
   rF:        It protects you from fire.
   rC:        It protects you from cold.
 b - a +0 sling
 l - a +2 halberd of electrocution
Missiles
 i - 16 poisoned darts (quivered)
 P - 2 throwing nets
Armour
 q - +0 gold dragon scales
 v - the +3 chain mail of the Turtledove {*Corrode +Inv Dex+3 SInv}
   (You found it on level 4 of the Dungeon)

   Dex:       It affects your dexterity (+3).
   SInv:      It lets you see invisible.
   +Inv:      It lets you turn invisible.
   *Corrode:  It may corrode you when you take damage.
 x - a +2 cloak of poison resistance (worn)
 G - the +0 hat of Muassakhei (worn) {rC+ rN++ rCorr Stlth+}
   (You acquired it on level 7 of the Dungeon)

   rC:        It protects you from cold.
   rN:        It greatly protects you from negative energy.
   rCorr:     It protects you from acid and corrosion.
   Stlth:     It makes you more stealthy.
 N - a +3 leather armour of fire resistance
 S - a +0 pair of gloves (worn)
 W - a +1 ring mail of willpower (worn)
Jewellery
 m - a +6 ring of intelligence (left hand)
 n - an amulet of reflection (around neck)
 C - a +4 ring of evasion (right hand)
 E - a ring of magical power
Wands
 s - a wand of flame (40)
 D - a wand of light (19)
 R - a wand of paralysis (9)
 T - a wand of polymorph (5)
Scrolls
 c - 4 scrolls of immolation
 d - a scroll of enchant weapon
 k - 4 scrolls of enchant armour
 p - 4 scrolls of fear
 t - 2 scrolls of torment {unknown}
 u - 3 scrolls of amnesia
 y - a scroll of fog {unknown}
 A - 6 scrolls of teleportation
 H - 2 scrolls of blinking {unknown}
 I - a scroll of acquirement
 J - 2 scrolls of poison {unknown}
 L - 2 scrolls of brand weapon {unknown}
 O - a scroll of vulnerability {unknown}
 U - a scroll of magic mapping {unknown}
 V - 2 scrolls of identify
Potions
 e - 9 potions of heal wounds
 f - 8 potions of mutation
 g - 6 potions of haste
 h - a potion of cancellation
 j - 4 potions of lignification {unknown}
 o - 3 potions of brilliance {unknown}
 r - a potion of magic
 w - 5 potions of invisibility
 z - 4 potions of resistance {unknown}
 B - 4 potions of curing
 F - 2 potions of attraction {unknown}
 K - 7 potions of might {unknown}
 M - 4 potions of ambrosia
 Q - a potion of flight {unknown}


   Skills:
 - Level 5.0 Fighting
 - Level 5.3 Maces & Flails
 - Level 4.0 Armour
 - Level 4.0 Dodging
 - Level 4.1 Stealth
 - Level 7.8 Spellcasting
 - Level 6.0 Hexes
 + Level 17.9 Necromancy
 - Level 4.0 Earth Magic
 - Level 4.8 Evocations


You had 3 spell levels left.
You knew the following spells:

 Your Spells              Type           Power      Damage    Failure   Level
a - Necrotise             Necr           100%       1d9       0%          1
b - Vampiric Draining     Necr           82%        2d11      1%          3
c - Animate Dead          Necr           82%        N/A       1%          4
d - Agony                 Necr           82%        N/A       1%          5
e - Anguish               Hex/Necr       33%        N/A       1%          4
f - Sublimation of Blood  Necr           82%        N/A       0%          2
g - Borgnjor's Vile Clut  Necr/Erth      31%        N/A       3%          5

Your spell library contained the following spells:

 Spells                   Type           Power      Damage    Failure   Level
 Sandblast                Erth           64%        2d14      2%          1
 Tukima's Dance           Hex            43%        N/A       3%          3
 Passwall                 Tmut/Erth      17%        N/A       9%          2
 Portal Projectile        Hex/Tloc       52%        N/A       11%         3
 Summon Guardian Golem    Hex/Summ       26%        N/A       11%         3
 Sting                    Tmut/Pois      40%        1d5       12%         1
 Stone Arrow              Conj/Erth      42%        3d9       16%         3
 Poisonous Vapours        Pois/Air       20%        N/A       19%         2
 Wereblood                Tmut           10%        N/A       19%         2
 Frozen Ramparts          Ice            20%        1d4       36%         3
 Death Channel            Necr           41%        N/A       1%          6
 Cause Fear               Hex            21%        N/A       11%         4
 Corpse Rot               Necr/Pois/Air  42%        N/A       11%         4
 Simulacrum               Ice/Necr       28%        N/A       43%         6
 Animate Armour           Summ/Erth      42%        N/A       47%         4
 Ice Form                 Ice/Tmut       10%        N/A       77%         4
 Olgreb's Toxic Radiance  Pois           10%        N/A       77%         4
 Summon Ice Beast         Ice/Summ       10%        N/A       77%         4
 Blade Hands              Tmut           5%         N/A       98%         5
 Fireball                 Conj/Fire      5%         3d5       98%         5
 Iskenderun's Battlesphe  Conj           10%        2d6       98%         5
 Conjure Ball Lightning   Conj/Air       5%         3x3d6     100%        6
 Dragon Form              Tmut           5%         N/A       100%        7
 Orb of Destruction       Conj           5%         9d5       100%        7
 Spellforged Servitor     Conj/Summ      5%         N/A       100%        7
 Summon Hydra             Summ           5%         N/A       100%        7
 Lehudib's Crystal Spear  Conj/Erth      10%        10d4      100%        8
 Dragon's Call            Summ           5%         N/A       100%        9


Dungeon Overview and Level Annotations

Branches:
Dungeon (14/15)            Temple (1/1) D:6            Lair (0/5) D:8
    Orc (0/2) D:10         Vaults (0/5) D:13         Bailey (visited)

Altars:
Ashenzari
Cheibriados
Dithmenos
Fedhas
Gozag
Hepliaklqana
Kikubaaqudgha
Makhleb
Nemelex Xobeh
Okawaru
Qazlal
Ru
Sif Muna
Trog
Uskayaw
Vehumet
Wu Jian
Xom
Yredelemnul

Shops:
D:3 (   D:5 :   D:10 [[(!

Annotations:
D:2 exclusion: scorpion
D:4 1 runed translucent door, Crazy Yiuf
D:12 1 runed translucent door, OhItsWolfy's ghost, journeyman MfFi
D:13 2 transporters, SirLogeyBear's ghost, journeyman HOBe


Innate Abilities, Weirdness & Mutations

You may rarely emit foul miasma when damaged in melee.
When seriously injured, your blood forms very thick armour. (AC +12)
A meltable shield of frost defends you. (SH +4)
Your touch may inflict irresistible damage on your foes.


Message History

Your seven-headed hydra zombie bites the skeletal warrior but does no damage.
Your seven-headed hydra zombie bites the skeletal warrior.
Your seven-headed hydra zombie barely misses the skeletal warrior.
Your seven-headed hydra zombie bites the skeletal warrior.
Your seven-headed hydra zombie closely misses the skeletal warrior.
Your seven-headed hydra zombie completely misses the skeletal warrior.
The skeletal warrior hits you with a +3 war axe!
* * * LOW HITPOINT WARNING * * *
The skeletal warrior hits your seven-headed hydra zombie with a +3 war axe!!
The skeletal warrior hacks one of your seven-headed hydra zombie's heads off!
Your six-headed hydra zombie is destroyed!
Aiming: Paralyse
Press: ? - help, Shift-Dir - straight line, f - skeletal warrior
Aim: a skeletal warrior, wielding a +3 war axe and wearing a +0 robe (lightly damaged, chance to affect: 5%)
Okay, then.
Unknown command.
Aiming: Polymorph
Press: ? - help, Shift-Dir - straight line, f - skeletal warrior
Aim: a skeletal warrior, wielding a +3 war axe and wearing a +0 robe (lightly damaged, not susceptible)
Okay, then.
Unknown command.
Aiming: Bolt of Light
Press: ? - help, Shift-Dir - straight line, f - skeletal warrior
Aim: a skeletal warrior, wielding a +3 war axe and wearing a +0 robe (lightly damaged, 74% to hit)
Okay, then.
Unknown command.
Unknown command.
Okay, then.
Unknown command.
Okay, then.
Unknown command.
Unknown command.
Throw: 3 throwing nets
Press: ? - help, Shift-Dir - straight line, f - skeletal warrior
Aim: a skeletal warrior, wielding a +3 war axe and wearing a +0 robe (lightly damaged, 60% to hit)
You throw a throwing net.
The throwing net completely misses the skeletal warrior.
The skeletal warrior hits you with a +3 war axe!!
You die...
Kikubaaqudgha rasps: "You have failed me!
Welcome... death!" ..#####'####........# ZZ#

..... #....##....
..#........#....#
...
..#........#....#
..##########....#
...........)....###
..................#
..........####....#
.......###
#.<@z#####'#
....###
#....)...... .####
#........... ##.#..
#........### .....#
...<....### ##.#..
#.#......# .####
...#........
....#### #.#
#.......♣
.......####
#......♣♣


You could see a skeletal warrior.

Vanquished Creatures
  A boulder beetle (D:12)
  A vault guard (D:13)
  A centaur warrior (D:13)
  2 two-headed ogres
  2 hydras
  A skeletal warrior (D:14)
  2 deep elf pyromancers
  A phantasmal warrior (D:14)
  A wolf spider (D:13)
  6 ugly things
  2 cyclopes
  A manticore (D:13)
  Joseph (D:8)
  An unseen horror (D:13)
  A tengu conjurer (D:13)
  8 slime creatures
  Prince Ribbit (D:7)
  A shadow (D:12)
  A wyvern (D:10)
  2 wraiths
  4 humans (D:13)
  16 yaks
  A steam dragon (D:7)
  9 vampire mosquitoes
  3 acid dragons
  A water moccasin (D:5)
  7 orc warriors
  An ice beast (D:6)
  2 sky beasts
  2 wolves (D:8)
  2 ogres
  2 centaurs
  3 phantoms
  4 bullfrogs
  A gnoll sergeant (D:9)
  2 scorpions
  9 wights
  5 killer bees (D:8)
  2 electric eels (D:10)
  3 howler monkeys
  3 jellies
  3 gnoll boudas
  5 hounds
  6 orc priests
  3 iguanas
  7 orc wizards
  27 gnolls
  8 adders
  2 shadow imps
  An ufetubus (D:5)
  3 worms
  3 dart slugs
  67 orcs
  7 endoplasms
  2 giant cockroaches
  13 goblins
  7 hobgoblins
  7 jackals
  2 quokkas
  5 ball pythons
  2 bats (D:2)
  4 frilled lizards
  8 kobolds
  3 rats
314 creatures vanquished.

Vanquished Creatures (collateral kills)
  Nessos (D:12)
  A death knight (D:14)
  A two-headed ogre (D:9)
  3 ugly things (D:14)
  2 cyclopes (D:14)
  A freezing wraith (D:14)
  A komodo dragon (D:8)
  2 trolls
  A meliai (D:14)
  A slime creature (D:12)
  A yak (D:8)
  4 humans (D:13)
  Grum (D:8)
  A wolf (D:8)
  3 gnolls
  5 orcs (D:10)
29 creatures vanquished.

Vanquished Creatures (others)
  2 hydras
  2 boulder beetles
  A tengu warrior (D:14)
  An ugly thing zombie (D:13)
  3 meliai
  A hydra zombie (D:14)
  3 meliai zombies (D:14)
  A boulder beetle zombie (D:13)
  5 slime creature zombies (D:12)
  2 yaks (D:10)
  3 humans (D:13)
  A basilisk (D:8)
  An orc warrior (D:10)
  An ogre (D:12)
  2 centaurs
  A cyclops zombie (D:13)
  6 yak zombies
  A bullfrog zombie (D:8)
  A centaur zombie (D:13)
  An iguana (D:12)
  An acid dragon zombie (D:13)
  2 gnolls
  A steam dragon zombie (D:7)
  A worm zombie (D:14)
  A worm (D:14)
  An orc (D:10)
  An endoplasm (D:8)
  An endoplasm zombie (D:8)
  6 gnoll zombies
  32 orc zombies
  6 fungi (D:8)
  9 plants
101 creatures vanquished.

Grand Total: 444 creatures vanquished

Notes
Turn   | Place    | Note
-------+----------+-------------------------------------------
     0 | D:1      | devnull the Demonspawn Necromancer began the quest for the
                  | Orb.
     0 | D:1      | Reached XP level 1. HP: 13/13 MP: 3/3
   347 | D:1      | Gained mutation: Your touch may inflict minor irresistible
                  | damage on your foes. [demonic ancestry]
   347 | D:1      | Reached XP level 2. HP: 19/19 MP: 3/5
   372 | D:1      | Reached skill level 5 in Necromancy
  1210 | D:2      | Gained mutation: When seriously injured, your blood forms
                  | armour. (AC +12) [demonic ancestry]
  1210 | D:2      | Reached XP level 3. HP: 13/24 MP: 0/6
  1502 | D:2      | Found a faded altar of an unknown god.
  1507 | D:2      | Noticed a scorpion
  1792 | D:2      | Reached skill level 6 in Necromancy
  2169 | D:2      | Reached XP level 4. HP: 30/30 MP: 7/7
  2294 | D:2      | Learned a level 3 spell: Vampiric Draining
  2338 | D:3      | Found Dewn's Weapon Shoppe.
  2944 | D:3      | Noticed a phantom
  3921 | D:4      | Found a runed translucent door.
  3922 | D:4      | Noticed Crazy Yiuf
  3948 | D:4      | Reached XP level 5. HP: 29/35 MP: 4/8
  4243 | D:4      | Found a shimmering altar of Xom.
  4510 | D:4      | Found a broken altar of Ashenzari.
  4672 | D:4      | Identified the +3 chain mail of the Turtledove {*Corrode
                  | +Inv Dex+3 SInv}
  4878 | D:4      | Gained mutation: When seriously injured, your blood forms
                  | thick armour. (AC +12) [demonic ancestry]
  4878 | D:4      | Reached XP level 6. HP: 41/41 MP: 6/10
  5091 | D:5      | Entered Level 5 of the Dungeon
  5277 | D:5      | Noticed a water moccasin
  5300 | D:5      | Found Xaetyv's Book Boutique.
  6408 | D:5      | Reached skill level 7 in Necromancy
  6654 | D:5      | Gained mutation: When seriously injured, your blood forms
                  | very thick armour. (AC +12) [demonic ancestry]
  6654 | D:5      | Reached XP level 7. HP: 23/46 MP: 13/13
  7031 | D:6      | Found a sacrificial altar of Ru.
  7070 | D:6      | Found an ancient bone altar of Kikubaaqudgha.
  7088 | D:6      | Became a worshipper of Kikubaaqudgha
  7138 | D:5      | Reached skill level 8 in Necromancy
  7288 | D:6      | Learned a level 4 spell: Animate Dead
  7593 | D:6      | Reached XP level 8. HP: 29/52 MP: 0/14
  7772 | D:6      | Found a staircase to the Ecumenical Temple.
  8822 | Temple   | Entered the Ecumenical Temple
  9334 | D:6      | Identified the +10 whip of the Shrinking Owl {venom, rF+
                  | rC+ Str+2}
  9715 | D:7      | Found an iron altar of Okawaru.
 10224 | D:7      | Gained mutation: Your touch may inflict irresistible damage
                  | on your foes. [demonic ancestry]
 10224 | D:7      | Reached XP level 9. HP: 42/57 MP: 15/15
 10480 | D:7      | Noticed Prince Ribbit
 10516 | D:7      | Killed Prince Ribbit
 10517 | D:7      | Reached skill level 5 in Maces & Flails
 10905 | D:8      | Found an opulent altar of Gozag.
 10909 | D:8      | Found a radiant altar of Vehumet.
 10956 | D:7      | Reached * piety under Kikubaaqudgha
 10956 | D:7      | Received a gift from Kikubaaqudgha
 10986 | D:7      | Reached skill level 5 in Spellcasting
 11242 | D:8      | Identified a scroll of acquirement
 11251 | D:7      | Acquired the +0 hat of Muassakhei {rC+ rN++ rCorr Stlth+}
 11331 | D:8      | Reached skill level 1 in Armour
 11351 | D:8      | Reached skill level 1 in Fighting
 11378 | D:8      | Noticed Grum
 11397 | D:8      | Killed Grum
 11398 | D:8      | Reached XP level 10. HP: 30/71 MP: 2/19
 11631 | D:8      | Learned a level 5 spell: Agony
 11636 | D:8      | Learned a level 4 spell: Anguish
 11743 | D:8      | Reached skill level 5 in Fighting
 11751 | D:8      | Reached skill level 1 in Hexes
 11911 | D:8      | Noticed Joseph
 12354 | D:8      | Killed Joseph
 12429 | D:8      | Found a sparkling altar of Nemelex Xobeh.
 12660 | D:8      | Found a staircase to the Lair.
 12814 | D:9      | Found a flagged portal.
 12884 | Bailey   | Entered a bailey
 12968 | Bailey   | Reached skill level 5 in Hexes
 14063 | D:9      | Noticed an eight-headed hydra
 14074 | D:9      | Killed an eight-headed hydra
 14075 | D:9      | Reached skill level 9 in Necromancy
 14409 | D:9      | Noticed a two-headed ogre
 14432 | D:9      | Killed a two-headed ogre
 14433 | D:9      | Reached skill level 10 in Necromancy
 14597 | D:10     | Entered Level 10 of the Dungeon
 14718 | D:5      | Bought a book of Blood for 280 gold pieces
 14722 | D:5      | Learned a level 2 spell: Sublimation of Blood
 14901 | D:10     | Reached ** piety under Kikubaaqudgha
 14909 | D:10     | Found a staircase to the Orcish Mines.
 15060 | D:10     | Gained mutation: You may rarely emit foul miasma when
                  | damaged in melee. [demonic ancestry]
 15060 | D:10     | Reached XP level 11. HP: 71/79 MP: 20/20
 15156 | D:10     | Paralysed by an orc for 4 turns
 15231 | D:10     | Reached *** piety under Kikubaaqudgha
 15231 | D:10     | Received a gift from Kikubaaqudgha
 15509 | D:10     | Noticed a two-headed ogre
 15540 | D:10     | Reached skill level 11 in Necromancy
 15543 | D:10     | Killed a two-headed ogre
 15738 | D:10     | Reached skill level 12 in Necromancy
 15901 | D:10     | Found Reekkeech's Antique Weapon Emporium.
 15902 | D:10     | Found Pecaor's Distillery.
 16048 | D:10     | Found Guofaneh's Armour Boutique.
 16050 | D:10     | Found Iriajam's Antique Armour Shop.
 16093 | D:10     | Acquired 714 gold pieces
 16095 | D:10     | Bought a potion of haste for 140 gold pieces
 16095 | D:10     | Bought a potion of ambrosia for 112 gold pieces
 16115 | D:10     | Bought a runed cloak for 202 gold pieces
 16201 | D:10     | Found a hazy altar of Hepliaklqana.
 16209 | D:10     | Found a blossoming altar of Fedhas.
 17106 | D:11     | Noticed a boulder beetle
 17329 | D:11     | Noticed a two-headed ogre
 17337 | D:11     | Killed a two-headed ogre
 17417 | D:11     | Noticed a brown ugly thing
 17424 | D:11     | Killed a brown ugly thing
 17779 | D:11     | Learned a level 5 spell: Borgnjor's Vile Clutch
 17792 | D:11     | Killed a boulder beetle
 18074 | D:12     | Found an ornate altar of the Wu Jian Council.
 18137 | D:12     | Noticed a brown ugly thing
 18159 | D:12     | Killed a brown ugly thing
 18259 | D:12     | Reached **** piety under Kikubaaqudgha
 18430 | D:12     | Noticed OhItsWolfy's ghost (journeyman MfFi)
 18440 | D:12     | Noticed a deep elf pyromancer
 18448 | D:12     | Killed a deep elf pyromancer
 18451 | D:12     | Found a runed translucent door.
 18502 | D:12     | Noticed a cyan ugly thing
 18595 | D:12     | Noticed a boulder beetle
 18599 | D:12     | Noticed a four-headed hydra
 18605 | D:12     | Killed a four-headed hydra
 18606 | D:12     | Reached skill level 13 in Necromancy
 18606 | D:12     | Reached XP level 12. HP: 86/86 MP: 14/23
 18610 | D:12     | Killed a boulder beetle
 18756 | D:12     | Noticed Nessos
 19258 | D:12     | Killed Nessos
 19607 | D:13     | Reached skill level 14 in Necromancy
 19815 | D:13     | Noticed a four-headed hydra
 19843 | D:13     | Killed a four-headed hydra
 20113 | D:13     | Found a transporter.
 20115 | D:13     | Noticed a tengu warrior
 20127 | D:13     | Noticed a fire giant
 20158 | D:13     | Noticed SirLogeyBear's ghost (journeyman HOBe)
 20273 | D:13     | Found a transporter.
 20432 | D:13     | Noticed a boulder beetle
 20461 | D:13     | Reached skill level 15 in Necromancy
 20464 | D:13     | Killed a boulder beetle
 20722 | D:13     | Noticed a vault guard
 20736 | D:13     | Killed a vault guard
 20754 | D:13     | Reached skill level 16 in Necromancy
 20878 | D:13     | Found a gate to the Vaults.
 21083 | D:13     | Noticed a centaur warrior
 21114 | D:13     | Killed a centaur warrior
 21864 | D:14     | Noticed a tengu warrior
 21873 | D:14     | Killed a tengu warrior
 21874 | D:14     | Gained mutation: A meltable shield of frost defends you.
                  | (SH +4) [demonic ancestry]
 21874 | D:14     | Reached XP level 13. HP: 91/91 MP: 15/24
 21910 | D:14     | Reached skill level 17 in Necromancy
 22102 | D:14     | Slain by a skeletal warrior

Illustrated notes

Levels and vault maps discovered:
D:1:      dpeg_arrival_simpleton_b, layout_loops_ring, hangedman_feature_mirror
D:2:      layout_rooms, ebering_ecumenical_altar_box, minmay_pentomino_w2
D:3:      layout_basic, serial_shops, shop
D:4:      layout_cave_pools, nicolae_ashenzari_panopticon,
          mainiacjoe_overflow_alcove_4, grunt_decor_arrowhead,
          uniq_crazy_yiuf_cottage
D:5:      layout_layer_cave, elyvilon_altar_4, serial_shops, shop
D:6:      layout_loops_cross, lemuel_tele_altar, amcnicky_altar_gilded,
          minmay_temple_entry_proselytizer, minmay_misc_feat_ornament
D:7:      layout_basic, okawaru_altar_gauntlet_db, uniq_prince_ribbit1
D:8:      layout_rooms, nicolae_vehumet_radiance,
          nicolae_gozag_cash_rules_everything_around_me,
          mainiacjoe_overflow_catwalk, grunt_lair_entry_orc_guard_hut,
          minmay_misc_feat_doors, hangedman_abyss_or_decor_stagger, uniq_joseph,
          uniq_grum
D:9:      layout_loops_ring, enter_bailey_3, nicolae_kite_square_tiling_tiny,
          minmay_misc_feat_four_crosses
D:10:     layout_roguey [special_room_orc], mainiacjoe_overflow_tiny_flanked,
          mainiacjoe_overflow_big_doors, hiddenorc2_lemuel,
          nicolae_wooded_promenade
D:11:     layout_stronghold
D:12:     layout_irregular_city, hellmonk_ghost_big_iron,
          nzn_wu_jian_contemplation, uniq_nessos
D:13:     layout_basic, ximxim_vaults_locker_room, gammafunk_ghost_arena,
          minmay_starry_boxes
D:14:     minmay_spotlight, layout_irregular_city, gammafunk_ghost_smash,
          nrook_campfire, hangedman_decor_riveting
Temple:   zaba_magenta_temple

Skill      XL: |  1  2  3  4  5  6  7  8  9 10 11 12 13 |
---------------+----------------------------------------+-----
Necromancy     | 5 6 7 8 10 13 16 17 | 17.9
Stealth        | 3 4 |  4.1
Spellcasting   | 4 6 7 |  7.8
Dodging        | 4 |  4.0
Evocations     | 2 4 |  4.8
Maces & Flails | 4 5 |  5.3
Armour         | 4 |  4.0
Fighting       | 4 5 |  5.0
Hexes          | 6 |  6.0
Earth Magic    | 4 |  4.0

Action                   |  1- 3 |  4- 6 |  7- 9 | 10-12 | 13-15 || total
-------------------------+-------+-------+-------+-------+-------++-------
Melee: Dagger            |    83 |   215 |    81 |       |       ||   379
       Unarmed           |     2 |       |       |       |       ||     2
       Touch             |     7 |    19 |    32 |    64 |     3 ||   125
       Punch             |       |     3 |     3 |     3 |       ||     9
       Whip              |       |       |    81 |   330 |    12 ||   423
       Halberd           |       |       |       |     2 |       ||     2
 Fire: Sling             |       |       |     5 |       |       ||     5
Throw: Dart              |       |     6 |     9 |     4 |       ||    19
       Throwing net      |       |       |       |       |     1 ||     1
 Cast: Necrotise         |    25 |     5 |       |       |       ||    30
       Vampiric Draining |       |    29 |    38 |   120 |     4 ||   191
       Animate Dead      |       |       |     9 |    15 |       ||    24
       Anguish           |       |       |       |    26 |     3 ||    29
       Agony             |       |       |       |     3 |       ||     3
       Sublimation of Bl |       |       |       |    24 |       ||    24
       Borgnjor's Vile C |       |       |       |    15 |     5 ||    20
Invok: Unearth Wretches  |       |       |       |     3 |       ||     3
Evoke: Wand              |       |       |       |     4 |     1 ||     5
  Use: Scroll            |     1 |     5 |     5 |     4 |       ||    15
       Potion            |       |       |     1 |     4 |       ||     5
 Stab: Sleeping          |     3 |     9 |     3 |    14 |       ||    29
       Distracted        |       |       |       |     2 |     1 ||     3
Armor: Robe              |     4 |       |       |       |       ||     4
       Leather armour    |    26 |    44 |    17 |   109 |       ||   196
       Gold dragon scale |       |    18 |    12 |       |       ||    30
       Ring mail         |       |       |       |       |     2 ||     2
Dodge: Dodged            |    51 |    82 |   124 |   375 |     8 ||   640
Block: Other             |     1 |    44 |    45 |   108 |     9 ||   207
       Reflection        |       |       |     3 |     4 |       ||     7
